 Dungeon Crawl Stone Soup version 0.30.0-29-ga12c61a403 (webtiles) character file.

Game seed: 6948996401772353755

44 Gorgondantess the Grasshopper (level 3, -1/30 (32) HPs)
             Began as an Armataur Warper on June 21, 2023.
             Slain by a kobold
             ... wielding a +2 short sword of draining
              (5 damage)
             ... on level 2 of the Dungeon.
             The game lasted 00:02:30 (1038 turns).

Gorgondantess the Grasshopper (Armataur Warper)     Turns: 1038, Time: 00:02:31

HP:   -1/30 (32)    AC:  4    Str: 18    XL:     3   Next: 39%
MP:   5/6           EV:  9    Int: 13    God:
Gold: 61            SH:  3    Dex:  9    Spells: 6/6 levels left

rFire   . . .        a - +0 mace
rCold   . . .        i - +0 buckler
rNeg    . . .        b - +0 leather armour
rPois   .            (no helmet)
rElec   .            (no cloak)
rCorr   .            (no gloves)
SInv    .            (no barding)
Will    .....        (no amulet)
Stlth   +            (no ring)
HPRegen 0.25/turn    (no ring)
MPRegen 0.10/turn

%: roll
@: lethally poisoned (-1 -> -5), hasted, drained, very quick
A: large, rugged brown scales 3, deformed body, armoured tail, roll, long
tongue, awkward tongue
a: no special abilities


You were on level 2 of the Dungeon.
You visited 1 branch of the dungeon, and saw 2 of its levels.

You collected 61 gold pieces.

Inventory:

Hand Weapons
 a - a +0 mace (weapon)
Missiles
 d - 7 boomerangs of dispersal (quivered)
Armour
 b - a +0 leather armour (worn)
 i - a +0 buckler (worn)
Scrolls
 c - 3 scrolls of blinking
 f - a scroll of amnesia {unknown}
 g - a scroll of immolation {unknown}
 j - a scroll of enchant weapon {unknown}
 k - a scroll of acquirement {unknown}
Potions
 h - a potion of curing {unknown}


   Skills:
 * Level 2.4 Fighting
 * Level 2.3 Maces & Flails
 - Level 0.8 Throwing
 + Level 1.7 Armour
 - Level 1.3 Dodging
 + Level 1.2 Stealth
 * Level 0.2 Shields
 - Level 2.0 Spellcasting
 - Level 3.0 Translocations


You had 6 spell levels left.
You didn't know any spells.
Your spell library contained the following spells:

 Spells                   Type           Power      Damage    Failure   Level
 Blink                    Tloc           18%        N/A       17%         2
 Lesser Beckoning         Tloc           18%        N/A       17%         2
 Teleport Other           Tloc           9%         N/A       34%         3
 Vhi's Electric Charge    Tloc/Air       10%        N/A       54%         3
 Manifold Assault         Tloc           9%         N/A       75%         4


Dungeon Overview and Level Annotations

Branches:
Dungeon (2/15)

Altars:


Innate Abilities, Weirdness & Mutations

You are completely covered in rugged brown scales. (AC +3, +7% HP)
Armour fits poorly on your strangely shaped body.
You have a long armoured tail.
You roll when moving toward enemies. (Rampage)
Your long tongue fully drains potion bottles. (2x potion effects)
Your tongue gives you trouble enunciating. (1.5x scroll delay)


Message History

You hit the adder.
The adder is almost dead.
The adder closely misses you. The adder bites you.
You are poisoned.
The adder poisons you!
You miss the adder.
Your tail-slap misses the adder.
The adder is almost dead.
You feel sick.
The adder bites you but does no damage. x2
The kobold hits you with a +2 short sword of draining.
You feel drained.
Unknown command.
You closely miss the adder.
The adder is almost dead.
You feel sick. The adder bites you but does no damage.
The adder barely misses you. The adder bites you but does no damage.
The kobold hits you with a +2 short sword of draining.
You feel drained.
You miss the adder.
The adder is almost dead.
You feel sick. The adder bites you but does no damage. The adder bites you.
You are more poisoned.
The adder poisons you! The adder closely misses you.
The kobold closely misses you. The adder bites you.
You are more poisoned.
The adder poisons you!
You hit the adder.
You kill the adder!
You feel very sick. The adder bites you.
* * * LOW HITPOINT WARNING * * *
The kobold hits you but does no damage.
You feel drained. The adder bites you but does no damage.
The kobold barely misses you.
Training target 2.0 for Spellcasting reached!
Your Spellcasting skill increases to level 2!
It was a potion of haste.
You feel yourself speed up.
You slurp down every last drop of the potion of haste!
You feel sick. The adder bites you.
* * * LOW HITPOINT WARNING * * *
The kobold hits you with a +2 short sword of draining.
You die...

#######
############.....#
....<............#
############.....#
#.....# #
#.....##..###
#....@K..(...
##.#.S....... #
#.#.........
#.#.........
#.#####..### #.
.$# .# ..


You could see an adder and a kobold.

Vanquished Creatures
  An adder (D:2)
  2 dart slugs (D:1)
  3 endoplasms
  A giant cockroach (D:1)
  A goblin (D:1)
  5 hobgoblins (D:1)
  2 kobolds
  3 ball pythons
  6 bats
  5 frilled lizards
  2 rats (D:2)
31 creatures vanquished.

Notes
Turn   | Place    | Note
-------+----------+-------------------------------------------
     0 | D:1      | Gorgondantess the Armataur Warper began the quest for the
                  | Orb.
     0 | D:1      | Reached XP level 1. HP: 18/18 MP: 3/3
   169 | D:1      | Reached XP level 2. HP: 18/25 MP: 4/4
   320 | D:1      | Found a faded altar of an unknown god.
   793 | D:1      | Reached skill level 1 in Stealth
   921 | D:2      | Reached XP level 3. HP: 27/31 MP: 5/5
  1038 | D:2      | Slain by a kobold

Illustrated notes

Levels and vault maps discovered:
D:1:      minmay_arrival_loop, layout_loops_cross,
          shapermc_ecumenical_altar_venn, minmay_octomino_e4
D:2:      layout_basic

Skill      XL: |  1  2  3 |
---------------+----------+-----
Fighting       | 2 |  2.4
Maces & Flails | 2 |  2.3
Stealth        | 1 |  1.2
Spellcasting   | 2 |  2.0
Throwing       | |  0.8
Armour         | |  1.7
Dodging        | |  1.3
Shields        | |  0.2
Translocations | |  3.0

Action                     || total
---------------------------++-------
  Melee: Mace              ||    84
         Tailslap          ||     6
         Punch             ||     1
    Use: Potion            ||     1
   Stab: Sleeping          ||     2
 Armour: Leather armour    ||    35
  Dodge: Dodged            ||    43
